 Dungeon Crawl Stone Soup version 0.29.0-4-gdea44cf6ec (webtiles) character file.

Game seed: 10639989838418644168

0 qw the Chopper (level 1, -2/28 HPs)
             Began as a Minotaur Berserker on Sept 6, 2022.
             Was a Follower of Trog.
             Slain by a gnoll
             ... wielding a +0 flail
              (9 damage)
             ... on level 1 of the Dungeon.
             The game lasted 00:00:01 (59 turns).

qw the Chopper (Minotaur Berserker)                   Turns: 59, Time: 00:00:01

Health: -2/28      AC:  2    Str: 21    XL:     1   Next: 0%
Magic:  0/0        EV: 12    Int:  4    God:    Trog [*.....]
Gold:   14         SH:  0    Dex:  9    Spells: 0/0 levels left

rFire   . . .      SeeInvis .   a - +0 hand axe
rCold   . . .      Faith    .   (no shield)
rNeg    . . .      Spirit   .   b - +0 animal skin
rPois   .          Reflect  .   (helmet restricted)
rElec   .          Harm     .   (no cloak)
rCorr   .          Rampage  .   (no gloves)
Will    .....                   (no boots)
Stlth   ..........              (no amulet)
HPRegen 0.09/turn               (no ring)
MPRegen 0.07/turn               (no ring)

@: berserking, very quick
A: horns 2, retaliatory headbutt
a: Renounce Religion, Berserk


You were on level 1 of the Dungeon.
You worshipped Trog.
Trog was aware of your devotion.
You visited 1 branch of the dungeon, and saw 1 of its levels.

You collected 14 gold pieces.


Innate Abilities, Weirdness & Mutations

You have a pair of horns on your head.
You reflexively headbutt those who attack you in melee.


   Skills:
 - Level 3.6 Fighting
 + Level 3.6 Axes
 - Level 2.4 Armour
 - Level 2.1 Dodging


You couldn't memorise any spells.
You didn't know any spells.
Your spell library was empty.

Inventory:

Hand Weapons
 a - a +0 hand axe (weapon)
 c - a +0 mace
Armour
 b - a +0 animal skin (worn)
Scrolls
 d - a scroll of blinking {unknown}

Dungeon Overview and Level Annotations

Branches:
Dungeon (1/15)

Altars:


Message History

You now have 14 gold pieces.
You open the door.
There is an open door here.
You open the door.
There is an open door here.
d - a scroll labelled KIWELOD HIMU You open the door.
There is an open door here.
As you open the door, it creaks loudly!
There is an open door here.
A hobgoblin comes into view.
The hobgoblin shouts!
You hear a shout!
Enter note: You closely miss the hobgoblin.
A gnoll comes into view. It is wielding a +0 flail.
The hobgoblin hits you.
You hit the hobgoblin but do no damage. The hobgoblin hits you.
You closely miss the hobgoblin. The hobgoblin closely misses you.
You closely miss the hobgoblin. Your headbutt misses the hobgoblin.
The hobgoblin hits you.
You closely miss the hobgoblin. The hobgoblin hits you.
56 ||| INVOKING Berserk.
A red film seems to cover your vision as you go berserk!
You feel yourself moving faster!
You feel mighty! The hobgoblin barely misses you.
You barely miss the hobgoblin. The hobgoblin closely misses you.
You closely miss the gnoll. Your headbutt misses the gnoll.
You barely miss the hobgoblin. The gnoll hits you with a +0 flail!
The hobgoblin barely misses you.
You hit the gnoll. Your headbutt misses the gnoll.
The gnoll is heavily wounded.
You slash the hobgoblin!
You kill the hobgoblin!
Trog accepts your kill. The gnoll hits you with a +0 flail!
You die...

### #.. #.#
#######.#
.......%.# #
....####@#.#####
#....g........
#####.#######~
#..#
#######..######
#.............. #
#####'##.##+####.
######.^....#.#
'....'.....~#8#


You could see a gnoll.

Vanquished Creatures
  A hobgoblin (D:1)
1 creature vanquished.

Notes
Turn   | Place    | Note
-------+----------+-------------------------------------------
     0 | D:1      | qw the Minotaur Berserker began the quest for the Orb.
     0 | D:1      | Reached XP level 1. HP: 19/19 MP: 0/0
     0 | D:1      | 0 ||| qw: Version: 0.1-a-108-g9e35731
     0 | D:1      | 0 ||| qw: Game counter: 6339
     0 | D:1      | 0 ||| qw: Always use a shield: true
     0 | D:1      | 0 ||| qw: Do Orc after D:15 true
     0 | D:1      | 0 ||| qw: Do second Lair branch before Depths: true
     0 | D:1      | 0 ||| qw: Lair rune preference: random
     0 | D:1      | 0 ||| qw: Plans: Normal
     0 | D:1      | 0 ||| PLANNING D:1-11
    56 | D:1      | 56 ||| INVOKING Berserk.
    58 | D:1      | HP: 7/28 [gnoll/+0 flail (7)]
    59 | D:1      | Slain by a gnoll

Levels and vault maps discovered:
D:1:      sevenhm_arrival_forest_fort_large_1, layout_basic,
          dilly_ecumenical_altar_fadedgnrine

Action                   || total
-------------------------++-------
Melee: Hand axe          ||     8
Invok: Berserk           ||     1
Dodge: Dodged            ||     4

Table legend:
 A = Non-vault XP
 B = Vault XP
 C = Vault XP percentage of total XP
 D = Non-vault monster count
 E = Vault monster count
 F = Vault count percentage of total count
                 A         B        C        D         E       F
            +---------+---------+-------+---------+---------+-------
      Total |       2 |       0 |   0.0 |       1 |       0 |   0.0
            +---------+---------+-------+---------+---------+-------
        D:1 |       2 |       0 |   0.0 |       1 |       0 |   0.0
            +---------+---------+-------+---------+---------+-------
